 Dungeon Crawl Stone Soup version 0.31-a0-963-ga325b2283a (webtiles) character file.

Game seed: 2700402206462161966

343 sammy202020 the Trooper (level 6, -4/40 HPs)
             Began as a Gargoyle Berserker on Oct 26, 2023.
             Was a Believer of Trog.
             Slain by a wight
             ... wielding a +0 flail
              (6 damage)
             ... on level 6 of the Dungeon.
             The game lasted 00:04:04 (2786 turns).

sammy202020 the Trooper (Gargoyle Berserker)        Turns: 2786, Time: 00:04:05

Health: -4/40      AC: 12    Str: 19 (20) XL:     6   Next: 57%
Magic:  6/6        EV: 10    Int: 15 (16) God:    Trog [**....]
Gold:   104        SH:  0    Dex:  8 (9)  Spells: 5/5 levels left

rFire   . . .        a - +0 mace
rCold   . . .        (no shield)
rNeg    + . .        h - +0 scale mail
rPois   ∞            (no helmet)
rElec   +            (no cloak)
rCorr   .            (no gloves)
SInv    .            l - +0 pair of boots
Will    .....        (no amulet) Stlth
                     e - +6 ring of intelligence
HPRegen 0.26/turn    (no ring)
MPRegen 0.10/turn

%: no passive effects
@: no status effects
A: sickness immunity, AC +4, negative energy resistance 1, electricity
resistance, torment resistance 1, petrification resistance
a: Renounce Religion, Berserk, Trog's Hand


You were on level 6 of the Dungeon.
You worshipped Trog.
Trog was pleased with you.
You visited 1 branch of the dungeon, and saw 5 of its levels.

You collected 104 gold pieces.

Inventory:

Hand Weapons
 a - a +0 mace (weapon)
Armour
 h - a +0 scale mail (worn)
 l - a +0 pair of boots (worn)
Jewellery
 e - a +6 ring of intelligence (left hand)
 m - an amulet of faith
Wands
 d - a wand of charming (10)
Scrolls
 b - a scroll of vulnerability
 f - 3 scrolls of immolation
 i - a scroll of noise {unknown}
 n - a scroll of silence {unknown}
 o - a scroll of identify
 p - a scroll of poison {unknown}
Potions
 c - a potion of attraction
 k - a potion of brilliance


   Skills:
 * Level 5.0 Fighting
 * Level 4.5 Maces & Flails
 * Level 4.2 Armour
 + Level 2.5 Dodging


You had 5 spell levels left.
You didn't know any spells.
Your spell library was empty.

Dungeon Overview and Level Annotations

Branches:
Dungeon (4/15)
 Temple: D:4-7

Altars:
Cheibriados
Dithmenos
Hepliaklqana
Okawaru
Qazlal
Vehumet


Innate Abilities, Weirdness & Mutations

You are immune to sickness and miasma.
Your stone body is resilient. (AC +4)
You are immune to poison.
You resist negative energy. (rN+)
You are resistant to electric shocks. (rElec)
You are resistant to unholy torment.
You are immune to petrification.


Message History

You are too injured to fight recklessly!
You are too injured to fight recklessly!
You are too injured to fight recklessly!
You closely miss the wight.
The wight is heavily damaged.
The wight barely misses you.
You are too injured to fight recklessly!
You barely miss the wight.
The wight is heavily damaged.
The wight barely misses you.
You closely miss the wight.
The wight is heavily damaged.
The wight barely misses you. The wight closely misses you.
You hit the wight.
The wight is heavily damaged.
The wight closely misses you.
You hit the wight but do no damage. You punch the wight, but do no damage.
The wight is heavily damaged.
The wight hits you with a +0 flail!
You hit the wight but do no damage.
The wight is heavily damaged.
The wight hits you but does no damage.
You barely miss the wight.
The wight is heavily damaged.
The wight hits you but does no damage.
You hit the wight.
The wight is severely damaged.
The wight hits you with a +0 flail. The wight closely misses you.
You hit the wight but do no damage.
The wight is severely damaged.
The wight hits you with a +0 flail!
* * * LOW HITPOINT WARNING * * *
You hit the wight.
The wight is almost destroyed.
The wight hits you with a +0 flail.
* * * LOW HITPOINT WARNING * * *
You hit the wight but do no damage.
The wight is almost destroyed.
The wight hits you with a +0 flail.
You die...

.# ... ..# #.# #..#
#.# #.#..# #.# #.#..#
#.######### #.#..#
#..@z......
#.#..#######!#########
#.#..........#
#.#..........#
###.#....>.....#
.......#######.#
###.#### #.# #.# ..#
###.# ###


You could see a wight.

Vanquished Creatures
  An ogre (D:4)
  A wight (D:6)
  An orc priest (D:4)
  An iguana (D:4)
  An orc wizard (D:3)
  8 adders
  A worm (D:2)
  7 orcs
  4 endoplasms
  A giant cockroach (D:3)
  3 goblins
  8 hobgoblins
  4 jackals (D:2)
  A quokka (D:3)
  5 ball pythons
  2 bats
  5 frilled lizards
  2 kobolds
  2 rats
58 creatures vanquished.

Notes
Turn   | Place    | Note
-------+----------+-------------------------------------------
     0 | D:1      | sammy202020 the Gargoyle Berserker began the quest for the
                  | Orb.
     0 | D:1      | Reached XP level 1. HP: 14/14 MP: 1/1
   140 | D:1      | Found a faded altar of an unknown god.
   281 | D:1      | Reached XP level 2. HP: 19/19 MP: 2/2
   812 | D:2      | Reached XP level 3. HP: 19/24 MP: 3/3
   869 | D:2      | Reached ** piety under Trog
  1171 | D:2      | Reached skill level 4 in Fighting
  1171 | D:2      | Reached XP level 4. HP: 27/29 MP: 4/4
  1554 | D:3      | Reached XP level 5. HP: 28/33 MP: 5/5
  2134 | D:4      | Noticed an ogre
  2143 | D:4      | Killed an ogre
  2245 | D:4      | Reached XP level 6. HP: 25/40 MP: 6/6
  2377 | D:4      | Found a shadowy altar of Dithmenos.
  2377 | D:4      | Found a snail-covered altar of Cheibriados.
  2377 | D:4      | Found a hazy altar of Hepliaklqana.
  2378 | D:4      | Found a radiant altar of Vehumet.
  2378 | D:4      | Found an iron altar of Okawaru.
  2378 | D:4      | Found a stormy altar of Qazlal.
  2413 | D:4      | HP: 2/40 [orc/+0 hand axe (3)]
  2718 | D:4      | You fall into a shaft and drop 2 floors!
  2767 | D:6      | Reached skill level 5 in Fighting
  2785 | D:6      | HP: 2/40 [wight/+0 flail (3)]
  2786 | D:6      | Slain by a wight

Illustrated notes

Levels and vault maps discovered:
D:1:      dpeg_arrival_prison, layout_basic, ebering_ecumenical_altar_box
D:2:      layout_loops_ring, hangedman_feature_mirror
D:3:      wander_river, layout_loops_cross
D:4:      layout_gridville, chequers_temple_overflow_minitemple,
          grunt_temple_overflow_open, lemuel_round_altar
D:6:      layout_basic, minmay_temple_entry_stoned_glass

Skill      XL: |  1  2  3  4  5  6 |
---------------+-------------------+-----
Fighting       | 4 5 |  5.0
Armour         | 3 4 |  4.2
Dodging        | 2 |  2.5
Maces & Flails | 4 |  4.5

Action                     |  1- 3 |  4- 6 || total
---------------------------+-------+-------++-------
  Melee: Mace              |    97 |   150 ||   247
         Punch             |       |     2 ||     2
 Invoke: Berserk           |       |     2 ||     2
         Trog's Hand       |       |     1 ||     1
    Use: Scroll            |     2 |     2 ||     4
         Potion            |       |     4 ||     4
 Armour: Animal skin       |    12 |       ||    12
         Scale mail        |    73 |   170 ||   243
  Dodge: Dodged            |    72 |   111 ||   183

Table legend: (Time is in decaauts)
 A = Elapsed time spent in this place.
 B = Non-inter-level travel time spent in this place.
 C = Inter-level travel time spent in this place.
 D = Time resting spent in this place.
 E = Time spent auto-exploring this place.
 F = Levels seen in this place.
 G = Mean time per level.
                   A        B        C        D        E       F      G
               +--------+--------+--------+--------+--------+-----+--------+
         Total |   2881 |   2826 |     55 |    310 |   1942 |   5 |  576.2 |
       Dungeon |   2881 |   2826 |     55 |    310 |   1942 |   5 |  576.2 |
               +--------+--------+--------+--------+--------+-----+--------+

Top non-repeatable levels by time:
     D:2: 758 daAuts
     D:1: 693 daAuts
     D:3: 690 daAuts
     D:4: 664 daAuts
     D:6: 74 daAuts
